 Dungeon Crawl Stone Soup version 0.21.1-1-g345015fe64 (webtiles) character file.

8080 KingHarkinian the Cleaver (level 11, -2/142 HPs)
             Began as a Minotaur Gladiator on Apr 16, 2018.
             Was an Elder of Okawaru.
             Slain by a red ugly thing (13 damage)
             ... on level 8 of the Dungeon.
             The game lasted 00:51:31 (10769 turns).

KingHarkinian the Cleaver (Minotaur Gladiator)     Turns: 10769, Time: 00:51:31

Health: -2/142     AC: 25    Str: 20    XL:     11   Next: 5%
Magic:  9/10       EV:  2    Int:  5    God:    Okawaru [****..]
Gold:   342        SH:  0    Dex: 14    Spells: 10/10 levels left

rFire    . . .     SeeInvis +   q - +0 battleaxe
rCold    . . .     Gourm    .   (shield currently unavailable)
rNeg     + + +     Faith    .   (armour currently unavailable)
rPois    +         Spirit   .   (helmet currently unavailable)
rElec    .         Reflect  .   (cloak currently unavailable)
rCorr    .         Harm     .   (gloves currently unavailable)
MR       .....     NoTele   +   (boots currently unavailable)
Stlth    ++++......             (no amulet)
HPRegen  0.33/turn              h - ring of see invisible
MPRegen  0.12/turn              J - ring of stealth

@: tree-form, heroism
A: (retaliatory headbutt)
a: Heroism, Renounce Religion


You were on level 8 of the Dungeon.
You worshipped Okawaru.
Okawaru was greatly pleased with you.
You were very hungry.
You were a tree.
You visited 2 branches of the dungeon, and saw 10 of its levels.

You collected 391 gold pieces.
You spent 49 gold pieces at shops.


Innate Abilities, Weirdness & Mutations

((You reflexively headbutt those who attack you in melee.))
((You have a pair of horns on your head.))


   Skills:
 + Level 8.6(13.6) Fighting
 * Level 12.1(17.1) Axes
 + Level 7.3(12.3) Throwing
 + Level 8.3(13.3) Armour
 + Level 8.4(13.4) Dodging


You had 10 spell levels left.
You didn't know any spells.

Inventory:

Hand Weapons
 q - a +0 battleaxe (weapon)
 N - a +1 flail of protection
Missiles
 d - 4 throwing nets {=f}
 l - 268 stones
 u - a javelin
 L - 7 steel javelins
 O - 3 poisoned tomahawks (quivered)
Armour
 c - a +0 hat (melded)
 e - a +2 cloak (melded)
 p - a +2 plate armour (melded)
 t - the +0 ring mail "Upef" {rF+ Int+5 Dex+3}

   It affects your intelligence (+5).
   It affects your dexterity (+3).
   It protects you from fire.
 y - a +0 pair of boots (melded)
 A - a +0 pair of gloves (melded)
 K - +0 acid dragon scales
Jewellery
 h - a ring of see invisible (left branch)
 x - an uncursed ring of protection from cold
 J - a ring of stealth (right branch)
Wands
 a - a wand of acid (2)
 s - a wand of paralysis (13)
 F - a wand of disintegration (5)
 H - a wand of iceblast (16)
Scrolls
 n - a scroll of immolation {!r}
 o - 5 scrolls of enchant weapon
 r - 3 scrolls of remove curse
 v - 2 scrolls of magic mapping
 B - a scroll of fear
 D - 2 scrolls of teleportation {@r4}
 E - a scroll of blinking
 I - a scroll of brand weapon {unknown}
 M - a scroll of vulnerability {unknown}
Potions
 b - a potion of flight
 g - 2 potions of invisibility
 i - a potion of agility
 j - a potion of haste {@q3}
 k - a potion of lignification {!q}
 m - 3 potions of curing {@q1}
 w - 4 potions of heal wounds {unknown}
 z - a potion of magic
 C - 2 potions of berserk rage {!q}
Books
 G - a book of Changes

   Spells                             Type                      Level
   a - Beastly Appendage              Transmutation                1
   b - Sticks to Snakes               Transmutation                2
   c - Spider Form                    Transmutation/Poison         3
   d - Ice Form                       Ice/Transmutation            4
   e - Blade Hands                    Transmutation                5
Comestibles
 f - 15 rations

Dungeon Overview and Level Annotations

Branches:
Dungeon (9/15)             Temple (1/1) D:5
   Lair: D:8-11         Orc: D:9-12

Altars:
Ashenzari
Cheibriados
Dithmenos
Elyvilon
Fedhas
Gozag
Kikubaaqudgha
Makhleb
Nemelex Xobeh
Okawaru
Qazlal
Ru
Sif Muna
Uskayaw
Vehumet
Wu Jian
Xom
Yredelemnul
Zin
The Shining One

Shops:
D:4 [ D:8

*
#...........##.......#.......#
#.#.##......#................#
#....#................##...###
#######................##...###
#..............................
#.........#..#.................
#......##.#..#.................
#.........#....................
#............#♣u...............
#........#.#.#.#######..######.
#........+.....# ##......#.
#........#.#...########......#.
#........#.#...+.............+.
#........#.#...#########.......
#........#.#..........##.....#.
#........#.+..........##.....#.
#........###..........##.....#.


You could see a red ugly thing.


Message History

The red ugly thing stings you!
* * * LOW HITPOINT WARNING * * *
You are engulfed in flames!
* * * LOW HITPOINT WARNING * * *
You hit the red ugly thing.
The red ugly thing is severely wounded.
You closely miss the red ugly thing.
The red ugly thing is severely wounded.
The red ugly thing stings you but does no damage.
You hit the red ugly thing.
Your headbutt misses the red ugly thing.
The red ugly thing is severely wounded.
The red ugly thing barely misses you.
You slash the red ugly thing!
The red ugly thing is almost dead.
The red ugly thing stings you.
* * * LOW HITPOINT WARNING * * *
You are engulfed in flames!
* * * LOW HITPOINT WARNING * * *
Okay, then.
Welcome back, KingHarkinian the Minotaur Gladiator.
Okawaru says: Bring me glory in combat!
Really quaff
k - 2 potions of lignification {!q}?
You turn into a tree.
Your roots penetrate the ground.
The red ugly thing stings you but does no damage.
The red ugly thing stings you!
* * * LOW HITPOINT WARNING * * *
You are engulfed in flames!
You die...

Action                   |  1- 3 |  4- 6 |  7- 9 | 10-12 || total
-------------------------+-------+-------+-------+-------++-------
Melee: War axe           |    58 |    98 |   210 |   176 ||   542
       Headbutt          |     7 |    25 |    50 |    39 ||   121
       Battleaxe         |       |       |       |    48 ||    48
Throw: Stone             |    22 |   113 |    12 |    41 ||   188
       Javelin           |       |       |    20 |       ||    20
       Tomahawk          |       |       |    20 |     2 ||    22
Invok: Heroism           |       |       |     1 |     3 ||     4
Evoke: Wand              |       |       |       |     3 ||     3
  Use: Potion            |     4 |       |       |     2 ||     6
       Scroll            |     3 |     3 |    11 |       ||    17
 Stab: Sleeping          |     1 |       |       |       ||     1
  Eat: Chunk             |     1 |     7 |    15 |     8 ||    31
Armor: Leather armour    |     9 |       |       |       ||     9
       Chain mail        |     7 |       |       |       ||     7
       Scale mail        |     5 |    22 |    10 |       ||    37
       Plate armour      |       |       |   206 |   169 ||   375
       Skin              |       |       |       |     1 ||     1
Dodge: Dodged            |    34 |    57 |   150 |   155 ||   396

Vault maps used:
D:1:      saegor_arrival_simple_a
D:2:      kennysheep_slug_shrine, nicolae_ru_path_of_blood,
          uniq_crazy_yiuf_cottage, uniq_terence
D:3:      nicolae_qazlal_general_emergency, first_ration
D:4:      serial_shops, nicolae_shop_crystal
D:5:      nicolae_overflow_crystal_walls, makhleb_blood_cavern_becter,
          minmay_temple_entry_hall, kennysheep_generic_room_3
D:6:      lemuel_crystal_altar, marbit_many_paths
D:7:      grunt_temple_overflow_holy_war
D:8:      wad_woods_minihive, lemuel_crystal_altar, old_standard_altar,
          lemuel_round_altar, serial_shops, shop, hangedman_minor_gate_pass,
          uniq_maurice, uniq_psyche
D:9:      lemuel_doored_altar, kennysheep_mini_moat, minmay_lair_entry_grove,
          uniq_joseph, uniq_grum
Temple:   jpeg_temple_island

Notes
Turn   | Place    | Note
-------+----------+-------------------------------------------
     0 | D:1      | KingHarkinian the Minotaur Gladiator began the quest for the Orb.
     0 | D:1      | Reached XP level 1. HP: 18/18 MP: 0/0
    75 | D:1      | Reached XP level 2. HP: 25/25 MP: 1/1
   233 | D:1      | Reached skill level 4 in Axes
   307 | D:1      | Reached skill level 1 in Armour
   734 | D:1      | Reached XP level 3. HP: 28/30 MP: 2/2
   935 | D:2      | Found a snail-covered altar of Cheibriados.
  1039 | D:2      | Found a runed door.
  1043 | D:2      | Noticed Crazy Yiuf
  1047 | D:2      | Killed Crazy Yiuf
  1047 | D:2      | Reached skill level 3 in Fighting
  1311 | D:2      | Noticed Terence
  1320 | D:2      | Killed Terence
  1320 | D:2      | Reached XP level 4. HP: 36/38 MP: 3/3
  1772 | D:2      | Reached skill level 4 in Dodging
  1839 | D:2      | Found a sacrificial altar of Ru.
  2028 | D:3      | Found a stormy altar of Qazlal.
  2040 | D:2      | Reached skill level 5 in Axes
  2040 | D:2      | Reached skill level 2 in Armour
  2194 | D:3      | Reached XP level 5. HP: 27/45 MP: 4/4
  2449 | D:3      | Noticed Goboxel's ghost (amateur HuIE)
  2649 | D:3      | HP: 4/45 [Goboxel's ghost (8)]
  2650 | D:3      | Killed Goboxel's ghost
  2650 | D:3      | Reached skill level 4 in Fighting
  2650 | D:3      | Reached skill level 3 in Throwing
  2650 | D:3      | Reached XP level 6. HP: 4/52 MP: 5/5
  3141 | D:3      | Reached skill level 6 in Axes
  3201 | D:3      | You fall through a shaft for 2 floors!
  3201 | D:5      | Entered Level 5 of the Dungeon
  3214 | D:5      | Reached skill level 3 in Armour
  3323 | D:5      | Reached XP level 7. HP: 44/59 MP: 6/6
  3802 | D:5      | Found a shadowy altar of Dithmenos.
  4298 | D:4      | Reached skill level 7 in Axes
  4298 | D:4      | Reached skill level 5 in Dodging
  4363 | D:4      | Got a spiked ring mail
  4374 | D:4      | Identified the +0 ring mail "Upef" {rF+ Int+5 Dex+3} (You found it on level 4 of the Dungeon)
  4420 | D:4      | Reached skill level 4 in Armour
  4425 | D:4      | Reached skill level 4 in Throwing
  4468 | D:4      | Found Vudeizex's Armour Shoppe.
  4550 | D:4      | Bought a +0 pair of boots for 49 gold pieces
  4759 | D:5      | Reached XP level 8. HP: 67/67 MP: 7/7
  4832 | D:5      | Found a staircase to the Ecumenical Temple.
  4862 | D:5      | Reached skill level 5 in Fighting
  4865 | Temple   | Entered the Ecumenical Temple
  4906 | Temple   | Became a worshipper of Warmaster Okawaru
  5163 | D:5      | Found a burning altar of Makhleb.
  5543 | D:5      | You fall through a shaft for 2 floors!
  5874 | D:6      | Reached skill level 8 in Axes
  5939 | D:6      | Reached * piety under Okawaru
  5944 | D:6      | Found an opulent altar of Gozag.
  6034 | D:6      | Reached skill level 5 in Armour
  6166 | D:6      | Reached skill level 6 in Dodging
  6363 | D:6      | Found a sacrificial altar of Ru.
  6970 | D:7      | Reached skill level 5 in Throwing
  7025 | D:7      | Reached skill level 6 in Fighting
  7105 | D:7      | Found a basalt altar of Yredelemnul.
  7107 | D:7      | Noticed a profane servitor
  7119 | D:7      | Found a glowing golden altar of the Shining One.
  7121 | D:7      | Noticed an angel
  7463 | D:8      | Noticed a cyclops
  7466 | D:8      | Reached skill level 9 in Axes
  7466 | D:8      | Reached XP level 9. HP: 75/75 MP: 8/8
  7478 | D:7      | Killed a cyclops
  7815 | D:8      | Noticed a two-headed ogre
  7822 | D:7      | Reached skill level 6 in Armour
  7854 | D:7      | Killed a two-headed ogre
  7854 | D:7      | Reached ** piety under Okawaru
  7854 | D:7      | Reached skill level 10 in Axes
  8151 | D:7      | Reached skill level 7 in Fighting
  8151 | D:7      | Reached skill level 7 in Dodging
  8154 | D:7      | Reached *** piety under Okawaru
  8275 | D:7      | Reached skill level 6 in Throwing
  8467 | D:7      | Reached XP level 10. HP: 85/86 MP: 9/9
  8588 | D:7      | Reached skill level 7 in Armour
  9123 | D:8      | Noticed Psyche
  9130 | D:8      | Killed Psyche
  9130 | D:8      | Reached **** piety under Okawaru
  9130 | D:8      | Reached skill level 11 in Axes
  9231 | D:8      | Reached skill level 8 in Fighting
  9235 | D:8      | Found a deep blue altar of Sif Muna.
  9458 | D:8      | Received a gift from Okawaru
  9574 | D:8      | Reached skill level 8 in Dodging
  9789 | D:8      | Noticed Maurice
  9815 | D:8      | Found a hide-covered altar of Uskayaw.
  9821 | D:8      | Reached skill level 7 in Throwing
  9876 | D:8      | Found an ornate altar of the Wu Jian Council.
  9941 | D:8      | Found Geusiug's General Store.
 10147 | D:8      | Killed Maurice
 10147 | D:8      | Reached skill level 8 in Armour
 10239 | D:9      | Noticed Joseph
 10242 | D:9      | Killed Joseph
 10255 | D:9      | Reached skill level 12 in Axes
 10261 | D:9      | Noticed Grum
 10395 | D:9      | Killed Grum
 10395 | D:9      | Reached XP level 11. HP: 47/95 MP: 10/10
 10751 | D:9      | Reached ***** piety under Okawaru
 10754 | D:9      | Noticed a red ugly thing
 10767 | D:8      | HP: 5/95 [red ugly thing (15)]
 10769 | D:8      | Slain by a red ugly thing

Vanquished Creatures
  A two-headed ogre (D:7)
  A cyclops (D:7)
  Joseph (D:9)
  Psyche (D:8)
  Maurice (D:8)
  A troll (D:8)
  A hippogriff (D:8)
  The ghost of Goboxel the Chiller, an amateur HuIE (D:3)
  Grum (D:9)
  A hungry ghost (D:8)
  An acid dragon (D:8)
  An ice beast (D:8)
  3 orc warriors
  A black bear (D:8)
  An ogre (D:7)
  3 phantoms
  A sky beast (D:9)
  4 wolves
  2 centaurs
  5 bullfrogs
  A scorpion (D:8)
  A water moccasin skeleton (D:8)
  4 wights (D:6)
  46 killer bees
  4 howler monkeys
  A crimson imp (D:5)
  A bullfrog zombie (D:6)
  6 orc priests
  3 hounds
  Crazy Yiuf (D:2)
  2 bullfrog skeletons
  3 iguanas
  Terence (D:2)
  7 orc wizards
  6 worker ants
  A hound zombie (D:8)
  A worker ant zombie (D:8)
  3 gnolls
  A howler monkey skeleton (D:9)
  5 adders
  3 shadow imps
  An ooze (D:7)
  An adder skeleton (D:4)
  4 worms
  A dart slug (D:2)
  5 leopard geckos
  29 orcs
  11 bats
  4 giant cockroaches
  9 goblins
  8 hobgoblins
  2 jackals (D:1)
  3 quokkas
  2 ball pythons
  4 frilled lizards
  10 kobolds
  A quokka zombie (D:7)
  4 rats
232 creatures vanquished.

Vanquished Creatures (others)
  A crimson imp (D:7)
1 creature vanquished.

Grand Total: 233 creatures vanquished
